 Dungeon Crawl Stone Soup version 0.22.1-2-g9c5b331 (webtiles) character file.

16879 Tiagovsky the Fighter (level 12, -7/82 HPs)
             Began as a Gargoyle Fighter on Dec 30, 2018.
             Was a High Priest of Okawaru.
             Mangled by an ettin
             ... wielding a +0 dire flail
              (18 damage)
             ... on level 1 of the Orcish Mines.
             The game lasted 01:27:23 (14288 turns).

Tiagovsky the Fighter (Gargoyle Fighter)           Turns: 14288, Time: 01:27:24

Health: -7/82      AC: 21    Str: 23    XL:     12   Next: 42%
Magic:  18/18      EV: 10    Int: 13    God:    Okawaru [*****.]
Gold:   996        SH: 13    Dex: 10    Spells: 19/19 levels left

rFire    . . .     SeeInvis .   G - +4 flail (protect)
rCold    . . .     Gourm    .   j - +0 shield (curse)
rNeg     + . .     Faith    .   Y - +1 ring mail {MR+}
rPois    ∞         Spirit   .   c - +2 hat {Int+3}
rElec    +         Reflect  .   o - +0 cloak
rCorr    .         Harm     .   a - +0 pair of gloves
MR       +....                  g - +1 pair of boots
Stlth    +.........             l - amulet of regeneration
HPRegen  0.63/turn              F - ring of flight
MPRegen  0.16/turn              N - ring of stealth

@: hasted, very quick
A: negative energy resistance 1, electricity resistance, unbreathing,
petrification resistance, rot immunity, AC +8
a: Heroism, Finesse, Renounce Religion, Evoke Flight


You were on level 1 of the Orcish Mines.
You worshipped Okawaru.
Okawaru was extremely pleased with you.
You were hungry.

You visited 3 branches of the dungeon, and saw 14 of its levels.

You collected 1220 gold pieces.
You spent 224 gold pieces at shops.

Inventory:

Hand Weapons
 r - the +1 scimitar of the Hand {slice, rN+ Dex+3 Stlth+}
   (Okawaru gifted it to you on level 10 of the Dungeon)

   It inflicts extra damage upon your enemies.
   It affects your dexterity (+3).
   It protects you from negative energy.
   It makes you more stealthy.
 y - a +0 lajatang
 G - a +4 flail of protection (weapon)
 I - a +1 battleaxe of electrocution
Missiles
 m - 238 stones
 s - 13 tomahawks (quivered)
 T - 2 poisoned tomahawks
Armour
 a - a +0 pair of gloves (worn)
 c - a +2 hat of intelligence (worn)
 g - a +1 pair of boots (worn)
 j - a cursed +0 shield (worn)
 o - a +0 cloak (worn)
 Y - a +1 ring mail of magic resistance (worn)
Jewellery
 l - an amulet of regeneration (around neck)
 F - a ring of flight (left hand)
 N - a ring of stealth (right hand)
Wands
 B - a wand of polymorph (24)
 E - a wand of acid (10)
 H - a wand of enslavement (7)
Scrolls
 i - 7 scrolls of teleportation
 k - a scroll of enchant armour
 n - 6 scrolls of identify
 v - a scroll of amnesia
 w - 2 scrolls of fog
 x - 5 scrolls of remove curse
 A - 4 scrolls of immolation
Potions
 b - 2 potions of resistance
 d - a potion of might
 h - 3 potions of heal wounds
 p - 3 potions of agility
 q - 2 potions of haste
 t - a potion of mutation {unknown}
 z - 2 potions of degeneration {unknown}
 C - a potion of flight {unknown}
 D - a potion of berserk rage {unknown}
 L - a potion of brilliance {unknown}
 M - 2 potions of magic {unknown}
 W - a potion of curing
 Z - a potion of lignification {unknown}
Miscellaneous
 e - a box of beasts
Comestibles
 f - 25 rations


   Skills:
 + Level 12.3 Fighting
 - Level 3.9(7.3) Axes
 + Level 10.3(10.7) Maces & Flails
 - Level 3.2 Armour
 + Level 12.2 Shields
 - Level 4.0 Spellcasting
 - Level 4.0 Invocations


You had 19 spell levels left.
You didn't know any spells.
Your spell library contained the following spells:

 Spells                   Type           Power        Failure   Level  Hunger
 Confusing Touch          Hex            #.....       41%         1    None
 Freeze                   Ice            #...         41%         1    None
 Magic Dart               Conj           #...         41%         1    None
 Blink                    Tloc           N/A          56%         2    ##.....
 Call Imp                 Summ           #.......     56%         2    ##.....
 Slow                     Hex            #.......     56%         2    ##.....
 Throw Frost              Conj/Ice       #.....       56%         2    ##.....
 Confuse                  Hex            #.......     80%         3    ###....
 Conjure Flame            Conj/Fire      #.......     80%         3    ###....
 Gell's Gravitas          Tloc           #.........   80%         3    ###....
 Mephitic Cloud           Conj/Pois/Air  #.......     80%         3    ###....
 Ozocubu's Armour         Chrm/Ice       #.......     80%         3    ###....
 Petrify                  Tmut/Erth      #.......     99%         4    ####...
 Summon Ice Beast         Ice/Summ       #.......     99%         4    ####...
 Throw Icicle             Conj/Ice       #.......     99%         4    ####...
 Metabolic Englaciation   Hex/Ice        #.........   100%        5    ######.
 Yara's Violent Unravell  Hex/Tmut       #.........   100%        5    ######.


Dungeon Overview and Level Annotations

Branches:
Dungeon (11/15)            Temple (1/1) D:6            Lair (0/6) D:11
    Orc (2/2) D:11            Elf (0/3) Orc:2

Altars:
Ashenzari
Cheibriados
Dithmenos
Elyvilon
Fedhas
Gozag
Hepliaklqana
Kikubaaqudgha
Makhleb
Nemelex Xobeh
Okawaru
Qazlal
Ru
Sif Muna
Trog
Uskayaw
Vehumet
Wu Jian
Xom
Yredelemnul
Zin
The Shining One
Lugonu

Shops:
D:6 }   D:8 ?   D:11 (   Orc:1 *


Innate Abilities, Weirdness & Mutations

You are resistant to torment.
Your stone body is resilient. (AC +8)
You are immune to poison.
You resist negative energy. (rN+)
You are resistant to electric shocks. (rElec)
You can survive without breathing.
You are immune to petrification.
You are immune to rotting.


Message History

Press: ? - help, Shift-Dir - straight line, f/p - ettin
Aim: an ettin, wielding a dire flail and a great mace (lightly wounded)
You throw a tomahawk. The tomahawk hits the ettin.
The ettin is lightly wounded.
The ettin hits you with a dire flail!! You block the ettin's attack.
You completely miss the ettin.
The ettin is lightly wounded.
You thump the ettin!
Your weapon exudes an aura of protection.
The ettin is lightly wounded.
The ettin hits you with a dire flail! The ettin hits you with a great mace!!!
* * * LOW HITPOINT WARNING * * *
You barely miss the ettin.
The ettin is lightly wounded.
You block the ettin's attack. The ettin hits you but does no damage.
Press: ? - help, v - describe, . - travel
Here: an ettin, wielding a dire flail and a great mace (lightly wounded)
The floor.
You feel yourself speed up. The ettin hits you with a dire flail!!
You die...

...............##
...#............#.
..................
..................
##.#[............## ##
#.#..<>.....#.#...# ..#
.....)...........# ..#
....).......#....##..###
................@C.(.((#
.#...........#...#......#
##..............###....##
##...........#.## .$.##
###........##### .##
..........## ##
....##..### #....#...#
#.....#.##


You could see an ettin.

Vanquished Creatures
  Erolcha (D:10)
  The ghost of systemy the Cleaver, a novice MiBe of Trog (D:9)
  A two-headed ogre (D:11)
  2 unseen horrors
  An orc knight (D:11)
  An orc sorcerer (Orc:1)
  2 cyclopes
  2 centaur zombies (D:11)
  6 trolls
  4 hornets
  A shadow (D:11)
  A wyvern (D:9)
  17 yaks
  Grum (D:11)
  2 hungry ghosts (D:11)
  Edmund (D:6)
  2 two-headed ogre zombies (D:11)
  A water moccasin (D:8)
  7 orc warriors
  2 black bears
  An ice beast (D:9)
  2 sky beasts
  9 ogres
  6 phantoms
  4 wolves
  6 centaurs
  2 big kobolds
  7 bullfrogs
  2 troll zombies (D:11)
  3 killer bees
  A scorpion (D:11)
  A crimson imp (D:7)
  2 quasits
  8 orc priests
  Crazy Yiuf (D:4)
  7 hounds
  6 jellies
  14 orc wizards
  2 centaur skeletons
  3 iguanas
  9 worker ants
  4 ogre zombies (D:11)
  A hound zombie (D:10)
  A mummy (D:5)
  A howler monkey skeleton (D:8)
  2 worker ant zombies
  7 gnolls
  8 adders
  A white imp (D:4)
  2 oozes (D:3)
  2 adder zombies (D:5)
  3 worms
  3 adder skeletons
  A dart slug (D:5)
  5 leopard geckos
  47 orcs
  A ball python (D:2)
  12 bats
  4 giant cockroaches
  7 hobgoblins
  7 jackals
  16 kobolds
  3 quokkas
  7 frilled lizards
  12 goblins
  3 goblin skeletons
  6 goblin zombies
  2 hobgoblin skeletons (D:11)
  A hobgoblin zombie (D:4)
  2 kobold skeletons (D:4)
  A kobold zombie (D:4)
  A leopard gecko zombie (D:7)
  4 orc skeletons
  15 orc zombies (D:11)
  9 rats
353 creatures vanquished.

Notes
Turn   | Place    | Note
-------+----------+-------------------------------------------
     0 | D:1      | Tiagovsky the Gargoyle Fighter began the quest for the Orb.
     0 | D:1      | Reached XP level 1. HP: 14/14 MP: 1/1
   191 | D:1      | Found a shattered altar of Ashenzari.
   291 | D:1      | Reached XP level 2. HP: 14/19 MP: 2/2
   620 | D:1      | Reached XP level 3. HP: 24/24 MP: 3/3
  1205 | D:2      | Found an iron altar of Okawaru.
  1245 | D:2      | Became a worshipper of Warmaster Okawaru
  2141 | D:2      | Found a bloodstained altar of Trog.
  2297 | D:3      | Reached XP level 4. HP: 29/29 MP: 4/4
  2766 | D:3      | Reached XP level 5. HP: 34/34 MP: 5/5
  3158 | D:3      | Found a glowing golden altar of the Shining One.
  3158 | D:3      | Found a glowing silver altar of Zin.
  3159 | D:3      | Found a white marble altar of Elyvilon.
  3416 | D:4      | Found a runed door.
  3420 | D:4      | Noticed Crazy Yiuf
  3432 | D:4      | Killed Crazy Yiuf
  3551 | D:4      | Found a glowing golden altar of the Shining One.
  3686 | D:4      | Noticed an ogre
  3695 | D:4      | Killed an ogre
  3695 | D:4      | Reached skill level 5 in Fighting
  3695 | D:4      | Reached XP level 6. HP: 25/40 MP: 6/6
  3948 | D:4      | Found a radiant altar of Vehumet.
  3977 | D:4      | Found a stormy altar of Qazlal.
  4167 | D:4      | Got an ivory whip
  4168 | D:4      | Identified the +3 whip "Kixkuer" {pain, *Drain rPois rF++
                  | rC+} (You found it on level 4 of the Dungeon)
  4184 | D:4      | Reached skill level 5 in Shields
  4363 | D:5      | Entered Level 5 of the Dungeon
  4432 | D:5      | Noticed a phantom
  4460 | D:5      | Reached skill level 1 in Maces & Flails
  4466 | D:5      | Reached XP level 7. HP: 24/44 MP: 7/7
  4550 | D:5      | Reached * piety under Okawaru
  4726 | D:5      | Found a snail-covered altar of Cheibriados.
  4783 | D:5      | Found a bloodstained altar of Trog.
  4973 | D:5      | Found the +8 storm bow {elec}
  5235 | D:6      | Reached skill level 1 in Invocations
  5438 | D:6      | Reached XP level 8. HP: 16/52 MP: 6/9
  5527 | D:6      | Reached ** piety under Okawaru
  6000 | D:6      | Found Qisekh's Gadget Boutique.
  6295 | D:6      | Noticed Edmund
  6320 | D:6      | Killed Edmund
  6459 | D:6      | Found a staircase to the Ecumenical Temple.
  6557 | Temple   | Entered the Ecumenical Temple
  7044 | D:7      | Found a shimmering altar of Xom.
  7124 | D:7      | Reached XP level 9. HP: 57/57 MP: 10/12
  7168 | D:6      | Reached *** piety under Okawaru
  7567 | D:7      | Found an ornate altar of the Wu Jian Council.
  7834 | D:7      | Found an opulent altar of Gozag.
  7835 | D:7      | Found a sparkling altar of Nemelex Xobeh.
  8024 | D:8      | Reached skill level 5 in Maces & Flails
  8222 | D:8      | Reached **** piety under Okawaru
  8248 | D:8      | Got a jewelled leather armour
  8259 | D:8      | Identified the cursed +1 leather armour "Gydid" {rN+ Str+4}
                  | (You found it on level 8 of the Dungeon)
  8318 | D:8      | Found Rov Zunk's Magic Scroll Shoppe.
  8340 | D:8      | Bought a scroll of enchant weapon for 112 gold pieces
  8340 | D:8      | Bought a scroll of enchant armour for 112 gold pieces
  8553 | D:8      | Noticed a troll
  8567 | D:8      | Killed a troll
  9141 | D:9      | Reached XP level 10. HP: 42/66 MP: 13/13
  9427 | D:9      | Reached ***** piety under Okawaru
  9572 | D:9      | Found a deep blue altar of Sif Muna.
  9583 | D:9      | Found a blossoming altar of Fedhas.
  9586 | D:9      | Found a sacrificial altar of Ru.
  9589 | D:9      | Found a basalt altar of Yredelemnul.
  9850 | D:9      | Found a runed door.
  9851 | D:9      | Noticed systemy's ghost (novice MiBe)
  9886 | D:9      | Killed systemy's ghost
  9886 | D:9      | Reached skill level 10 in Fighting
  9886 | D:9      | Reached skill level 10 in Shields
 10219 | D:10     | Entered Level 10 of the Dungeon
 10524 | D:10     | Noticed a two-headed ogre
 10645 | D:10     | Noticed Erolcha
 10672 | D:10     | Killed Erolcha
 10672 | D:10     | Reached XP level 11. HP: 53/73 MP: 12/14
 10750 | D:10     | Killed an unseen horror
 10750 | D:10     | Reached skill level 1 in Spellcasting
 10820 | D:10     | Received a gift from Okawaru
 10823 | D:10     | Got a pitted scimitar {god gift}
 10824 | D:10     | Identified the +1 scimitar of the Hand {slice, rN+ Dex+3
                  | Stlth+} (Okawaru gifted it to you on level 10 of the
                  | Dungeon)
 11193 | D:11     | Noticed a two-headed ogre
 11210 | D:11     | Killed a two-headed ogre
 11210 | D:11     | Noticed Grum
 11362 | D:11     | Killed Grum
 11642 | D:11     | Found a staircase to the Orcish Mines.
 12079 | D:11     | Found a staircase to the Lair.
 12155 | D:11     | Noticed a cyclops
 12173 | D:11     | Killed a cyclops
 12173 | D:11     | Received a gift from Okawaru
 12380 | D:11     | Found Neaz's Antique Weapon Emporium.
 12672 | D:11     | Reached ****** piety under Okawaru
 12846 | D:11     | Reached XP level 12. HP: 80/80 MP: 18/18
 13261 | Orc:1    | Entered Level 1 of the Orcish Mines
 13297 | D:11     | Reached skill level 10 in Maces & Flails
 13622 | Orc:1    | Found Heivaurch's Humungous Hoard.
 13818 | Orc:2    | Entered Level 2 of the Orcish Mines
 13818 | Orc:2    | Found a staircase to the Elven Halls.
 14279 | Orc:1    | Noticed an ettin
 14288 | Orc:1    | Mangled by an ettin

Skill      XL: |  1  2  3  4  5  6  7  8  9 10 11 12 |
---------------+-------------------------------------+-----
Axes           | 2 3 |  3.9
Fighting       | 4 5 6 7 9 10 11 12 | 12.3
Shields        | 4 5 6 7 8 10 11 12 | 12.2
Maces & Flails | 1 3 4 6 8 9 10 | 10.3
Invocations    | 1 4 |  4.0
Spellcasting   | 4 |  4.0
Armour         | |  3.2

Action                   |  1- 3 |  4- 6 |  7- 9 | 10-12 || total
-------------------------+-------+-------+-------+-------++-------
Melee: War axe           |   173 |   132 |       |       ||   305
       Whip              |       |    47 |   245 |       ||   292
       Flail             |       |       |   300 |   847 ||  1147
 Fire: Hunting sling     |    22 |    41 |       |       ||    63
Throw: Stone             |     6 |     3 |    12 |    18 ||    39
       Tomahawk          |       |       |    49 |    52 ||   101
Invok: Heroism           |       |       |     1 |     9 ||    10
  Use: Scroll            |       |     2 |    11 |     6 ||    19
       Potion            |       |       |     5 |     4 ||     9
 Stab: Sleeping          |       |       |       |     1 ||     1
  Eat: Chunk             |     5 |     7 |    15 |    12 ||    39
       Ration            |       |       |       |     3 ||     3
Armor: Scale mail        |   108 |   113 |   156 |       ||   377
       Plate armour      |       |       |   240 |       ||   240
       Ring mail         |       |       |    20 |   846 ||   866
Dodge: Dodged            |    66 |    62 |   149 |   373 ||   650
Block: Shield            |   103 |   123 |   375 |   756 ||  1357
